 Dungeon Crawl Stone Soup version 0.29.0-4-gdea44cf6ec (webtiles) character file.

Game seed: 8316486932129701609

34 qw the Chopper (level 3, 0/21 HPs)
             Began as a Tengu Warper on Aug 28, 2022.
             Slain by Sigmund
             ... wielding a +0 scythe
              (4 damage)
             ... on level 2 of the Dungeon.
             The game lasted 00:00:05 (1134 turns).

qw the Chopper (Tengu Warper)                       Turns: 1134, Time: 00:00:06

Health: 0/21       AC:  6    Str: 13    XL:     3   Next: 31%
Magic:  7/7        EV:  9    Int: 13    God:
Gold:   57         SH:  0    Dex: 13    Spells: 6/6 levels left

rFire   . . .      SeeInvis .   Y - +0 hand axe
rCold   . . .      Faith    .   (no shield)
rNeg    . . .      Spirit   .   p - +0 scale mail
rPois   .          Reflect  .   (helmet restricted)
rElec   .          Harm     .   (no cloak)
rCorr   .          Rampage  .   (no gloves)
Will    .....                   (boots unavailable)
Stlth   ..........              (no amulet)
HPRegen 0.07/turn               (no ring)
MPRegen 0.10/turn               (no ring)

@: no status effects
A: beak, talons 3
a: no special abilities


You were on level 2 of the Dungeon.
You visited 1 branch of the dungeon, and saw 2 of its levels.

You collected 57 gold pieces.


Innate Abilities, Weirdness & Mutations

You have a beak for a mouth.
You have claws for feet.


   Skills:
 - Level 2.0 Fighting
 + Level 4.0 Axes
 - Level 1.0 Throwing
 - Level 1.1 Armour
 - Level 2.1 Dodging
 - Level 2.0 Spellcasting
 - Level 2.4 Translocations


You had 6 spell levels left.
You didn't know any spells.
Your spell library contained the following spells:

 Spells                   Type           Power      Damage    Failure   Level
 Blink                    Tloc           14%        N/A       56%         2
 Gell's Gravitas          Tloc           7%         N/A       80%         3
 Lesser Beckoning         Tloc           7%         N/A       80%         3
 Teleport Other           Tloc           7%         N/A       80%         3
 Manifold Assault         Tloc           7%         N/A       100%        5

Inventory:

Hand Weapons
 d - a +0 club
 Y - a +0 hand axe (weapon)
Armour
 p - a +0 scale mail (worn)
Scrolls
 f - a scroll of identify
Potions
 g - a potion of heal wounds {unknown}
 h - a potion of lignification {unknown}
 i - a potion of might {unknown}
 k - a potion of resistance {unknown}
 l - a potion of curing {unknown}
 n - a potion of flight {unknown}

Dungeon Overview and Level Annotations

Branches:
Dungeon (2/15)

Altars:

Annotations:
D:2 Sigmund


Message History

What level of the Dungeon? (default 1, ? - help)
You climb downwards.
There is a stone staircase leading up here.
A bat is nearby!
The bat hits you but does no damage. x2
You barely miss the bat. You claw the bat, but do no damage.
The bat hits you but does no damage. The bat closely misses you.
You barely miss the bat. The bat hits you but does no damage. The bat hits you.
You hit the bat.
You kill the bat!
You start resting.
HP restored.
Found a leather armour.
Found a club.
Enter note: You see here a staff of death.
You now have 49 gold pieces (gained 14).
You see here a +0 club.
You now have 57 gold pieces (gained 8).
Sigmund the Dreaded comes into view.
He is wielding a +0 scythe and wearing a +0 robe of cold resistance.
Sigmund shouts!
Enter note:
Found a stone staircase leading down.
A ball python comes into view.
Found a sapphire potion.
The ball python hisses angrily.
Sigmund hits you with a +0 scythe!
You hit Sigmund but do no damage. You claw Sigmund, but do no damage.
Your peck misses Sigmund. Sigmund hits you with a +0 scythe!
You closely miss Sigmund. You peck Sigmund.
Sigmund is lightly wounded.
Sigmund closely misses you.
You hit Sigmund.
Sigmund is moderately wounded.
You barely miss Sigmund. You peck Sigmund.
Sigmund is heavily wounded.
Sigmund hits you with a +0 scythe.
You die...

#.......## . #........#
... ####........###
....###..............
#......#...........
#########...............
........................
#.....................
#....@...##...........
!....S@....##...........
...........##..........|
.......$...#............
...........#.....###....
...>.............<%.....
....#.##.......#####....
....#. .#..... #....
#.... #....


You could see Sigmund and a ball python.

Vanquished Creatures
  An adder (D:2)
  6 endoplasms (D:1)
  A giant cockroach (D:1)
  3 hobgoblins (D:1)
  4 jackals (D:1)
  A quokka (D:1)
  A ball python (D:1)
  3 bats
  A goblin (D:1)
  A kobold (D:1)
22 creatures vanquished.

Notes
Turn   | Place    | Note
-------+----------+-------------------------------------------
     0 | D:1      | qw the Tengu Warper began the quest for the Orb.
     0 | D:1      | Reached XP level 1. HP: 12/12 MP: 4/4
     0 | D:1      | 0 ||| qw: Version: 0.1-a-89-g26bdef1
     0 | D:1      | 0 ||| qw: Game counter: 2677
     0 | D:1      | 0 ||| qw: Always use a shield: true
     0 | D:1      | 0 ||| qw: God list: Okawaru
     0 | D:1      | 0 ||| qw: Allow faded altars: false
     0 | D:1      | 0 ||| qw: Do Orc after D:15 true
     0 | D:1      | 0 ||| qw: Do second Lair branch before Depths: true
     0 | D:1      | 0 ||| qw: Lair rune preference: random
     0 | D:1      | 0 ||| qw: Plans: Normal
     0 | D:1      | 0 ||| PLANNING D:1-11
   108 | D:1      | Reached XP level 2. HP: 14/17 MP: 6/6
   191 | D:1      | Reached skill level 3 in Axes
   363 | D:1      | 363 ||| Stepping ~*~*~tactically~*~*~ (stealth).
   366 | D:1      | 366 ||| Stepping ~*~*~tactically~*~*~ (stealth).
   369 | D:1      | 369 ||| Stepping ~*~*~tactically~*~*~ (stealth).
   570 | D:1      | 570 ||| UPGRADING to +0 scale mail.
   580 | D:1      | 580 ||| DROPPING +0 leather armour.
   581 | D:1      | 581 ||| READING scroll labelled WUSAIPNEAS.
   582 | D:1      | 582 ||| READING 2 scrolls labelled WONLAO UBAODY.
   583 | D:1      | 583 ||| READING scroll labelled CAHUIQ AMATYLL.
   588 | D:1      | 588 ||| READING scroll labelled ODDUNIBLYV.
   589 | D:1      | 589 ||| READING scroll labelled JAATYW VION.
   590 | D:1      | 590 ||| READING scroll labelled BIULLI TAZUAMU.
   711 | D:1      | 711 ||| DROPPING scroll of blinking.
   715 | D:2      | 715 ||| STAIRDANCE
   812 | D:2      | 812 ||| STAIRDANCE
   871 | D:2      | 871 ||| STAIRDANCE
   880 | D:1      | Reached XP level 3. HP: 10/21 MP: 7/7
  1034 | D:2      | Reached skill level 4 in Axes
  1034 | D:2      | 1034 ||| STAIRDANCE
  1127 | D:2      | Noticed Sigmund
  1131 | D:2      | HP: 4/21 [Sigmund/+0 scythe (8)]
  1134 | D:2      | Slain by Sigmund

Levels and vault maps discovered:
D:1:      dpeg_arrival_signposts, layout_rooms, minmay_misc_feat_square
D:2:      layout_rooms, uniq_sigmund, uniq_robin

Skill      XL: |  1  2  3 |
---------------+----------+-----
Axes           | 3 4 |  4.0
Fighting       | |  2.0
Throwing       | |  1.0
Armour         | |  1.1
Dodging        | |  2.1
Spellcasting   | |  2.0
Translocations | |  2.4

Action                   || total
-------------------------++-------
Melee: Hand axe          ||    52
       Peck              ||     9
       Kick              ||    10
Throw: Boomerang         ||     7
  Use: Scroll            ||     6
Armor: Scale mail        ||    23
Dodge: Dodged            ||    32

Table legend:
 A = Non-vault XP
 B = Vault XP
 C = Vault XP percentage of total XP
 D = Non-vault monster count
 E = Vault monster count
 F = Vault count percentage of total count
                 A         B        C        D         E       F
            +---------+---------+-------+---------+---------+-------
      Total |      49 |       0 |   0.0 |      22 |       0 |   0.0
            +---------+---------+-------+---------+---------+-------
        D:1 |      35 |       0 |   0.0 |      20 |       0 |   0.0
        D:2 |      14 |       0 |   0.0 |       2 |       0 |   0.0
            +---------+---------+-------+---------+---------+-------
